 Dungeon Crawl Stone Soup version 0.30-a0-304-gdc4b735fe1 (webtiles) character file.

Game seed: 7126039390380667183

491 themarg the Fighter (level 6, -2/61 HPs)
             Began as a Minotaur Fighter on Oct 21, 2022.
             Was an Initiate of Okawaru.
             Killed from afar by a white imp (10 damage)
             ... with a puff of frost
             ... summoned by Eustachio
             ... on level 5 of the Dungeon.
             The game lasted 00:09:02 (3534 turns).

themarg the Fighter (Minotaur Fighter)              Turns: 3534, Time: 00:09:03

Health: -2/61      AC:  7    Str: 22    XL:     6   Next: 91%
Magic:  6/6        EV:  9    Int:  5    God:    Okawaru [......]
Gold:   147        SH:  5    Dex: 10    Spells: 5/5 levels left

rFire   . . .      SeeInvis .    a - +0 war axe
rCold   . . .      Faith    .    c - +0 buckler
rNeg    . . .      Spirit   .    b - +0 scale mail
rPois   .          Reflect  .    (helmet restricted)
rElec   .          Harm     .    (no cloak)
rCorr   .          Rampage  .    (no gloves)
Will    .....                    (no boots)
Stlth   ..........               (no amulet)
HPRegen 0.30/turn                (no ring)
MPRegen 0.10/turn                (no ring)

@: brilliant
A: horns 2, retaliatory headbutt
a: Renounce Religion


You were on level 5 of the Dungeon.
You worshipped Okawaru.
Okawaru was noncommittal.
You visited 2 branches of the dungeon, and saw 6 of its levels.
You also visited: Sewer.

You collected 147 gold pieces.

Inventory:

Hand Weapons
 a - a +0 war axe (weapon)
 p - the +6 dagger "Kofutz" {flame, rC++}
   (You found it on level 2 of the Dungeon)

   It burns those it strikes, dealing additional fire damage.
   rC:        It greatly protects you from cold.
Missiles
 i - 66 stones (quivered)
 B - 4 poisoned darts
 C - 3 javelins
Armour
 b - a +0 scale mail (worn)
 c - a +0 buckler (worn)
 k - a +0 cloak
 w - a +1 pair of gloves
 G - a scarf of harm
Jewellery
 r - a ring of flight
Wands
 v - a wand of quicksilver (7)
 E - a wand of polymorph (8)
Scrolls
 e - a scroll of enchant armour {unknown}
 g - 5 scrolls of poison
 h - 2 scrolls of teleportation {unknown}
 l - 7 scrolls of magic mapping
 o - 3 scrolls of noise {unknown}
 q - 2 scrolls of vulnerability {unknown}
 t - 4 scrolls of identify {unknown}
 u - a scroll of torment {unknown}
 y - a scroll of butterflies {unknown}
 A - a scroll of enchant weapon {unknown}
 F - 2 scrolls of fear {unknown}
Potions
 d - 5 potions of might
 f - 3 potions of degeneration {unknown}
 j - 2 potions of heal wounds {unknown}
 m - 2 potions of brilliance
 n - a potion of attraction {unknown}
 s - a potion of magic {unknown}
 x - 2 potions of invisibility {unknown}
 z - 3 potions of curing {unknown}
 D - a potion of resistance {unknown}


   Skills:
 * Level 8.3 Fighting
 - Level 2.6 Axes
 - Level 3.8 Armour
 - Level 5.0 Shields
 + Level 1.7 Invocations


You had 5 spell levels left.
You didn't know any spells.
Your spell library contained the following spells:

 Spells                   Type           Power      Damage    Failure   Level
 Passage of Golubria      Tloc           0%         N/A       100%        4
 Yara's Violent Unravell  Hex/Tmut       0%         3d3       100%        5
 Tukima's Dance           Hex            Unusable   N/A       N/A         3

Dungeon Overview and Level Annotations

Branches:
Dungeon (5/15)             Temple (1/1) D:4           Sewer (visited)

Altars:
Ashenzari
Cheibriados
Elyvilon
Fedhas
Gozag
Kikubaaqudgha
Makhleb
Okawaru
Ru
Uskayaw
Vehumet
Wu Jian
Xom
Yredelemnul
Zin
The Shining One

Annotations:
D:5 2 transporters, Eustachio


Innate Abilities, Weirdness & Mutations

You have a pair of horns on your head.
You reflexively headbutt those who attack you in melee.


Message History

The rat's corpse disappears in a puff of smoke!
Eustachio barely misses you. You furiously retaliate!
You headbutt Eustachio! You slash Eustachio!
Eustachio is severely wounded.
Eustachio casts a spell.
The white imp grinds its teeth.
You hit Eustachio but do no damage.
Eustachio is severely wounded.
You miss the crimson imp.
Eustachio gestures wildly while chanting.
Eustachio blinks!
The crimson imp barely misses you.
Eustachio gestures wildly while chanting.
Eustachio blinks!
Unknown command.
You closely miss the white imp. You headbutt the white imp!
The white imp is almost dead.
You barely miss the crimson imp. You hit the iron imp but do no damage.
The white imp gestures at you. The puff of frost hits you!
You block the crimson imp's attack. The iron imp hits you!
* * * LOW HITPOINT WARNING * * *
The white imp hits you.
* * * LOW HITPOINT WARNING * * *
The white imp freezes you.
* * * LOW HITPOINT WARNING * * *
You closely miss the white imp.
The white imp is almost dead.
You miss the crimson imp. You barely miss the iron imp.
The crimson imp hits you.
* * * LOW HITPOINT WARNING * * *
The white imp closely misses you. You furiously retaliate!
You headbutt the white imp, but do no damage.
The iron imp barely misses you. You furiously retaliate!
You headbutt the iron imp!
The crimson imp hits you but does no damage.
It was a potion of brilliance.
You feel clever all of a sudden. The white imp gestures at you.
The puff of frost hits you!
You die...

...^............. .5.###
...#.###..###### ###.5.. .....#
##.###### +...+....#
..#######......###...###.#######
..#.............................
..#.##########..########.#######
..# #.............<......... ..#
#.######5#####.#.####### ..#
#......5@5...#.#.# ###
###########..#.#.# ..>....#
###.#.### ..... .#.#.# .#.#.# .#
# #


You could see an iron imp (summoned), a crimson imp (summoned) and a white imp
(summoned).

Vanquished Creatures
  A scorpion (D:5)
  2 hounds
  2 orc priests
  A jelly (D:5)
  Jessica (D:2)
  10 adders
  4 gnolls (D:4)
  6 worms
  2 dart slugs
  7 orcs
  6 ball pythons
  7 bats
  5 endoplasms
  8 giant cockroaches
  7 goblins
  12 hobgoblins
  4 jackals (D:2)
  11 kobolds
  4 quokkas
  12 frilled lizards
  6 rats
118 creatures vanquished.

Notes
Turn   | Place    | Note
-------+----------+-------------------------------------------
     0 | D:1      | themarg the Minotaur Fighter began the quest for the Orb.
     0 | D:1      | Reached XP level 1. HP: 19/19 MP: 0/0
   210 | D:1      | Reached XP level 2. HP: 26/27 MP: 1/1
   313 | D:1      | Reached skill level 4 in Fighting
   809 | D:2      | Noticed Jessica
   819 | D:2      | Reached XP level 3. HP: 33/33 MP: 2/2
   824 | D:2      | Killed Jessica
  1004 | D:2      | Identified the +6 dagger "Kofutz" {flame, rC++}
  1051 | D:2      | Reached XP level 4. HP: 41/41 MP: 3/3
  1168 | D:2      | Reached skill level 5 in Fighting
  1168 | D:2      | Reached skill level 5 in Shields
  1648 | D:3      | Reached skill level 6 in Fighting
  1648 | D:3      | Reached XP level 5. HP: 44/50 MP: 4/4
  2176 | D:4      | Found a glowing drain.
  2188 | Sewer    | Entered a sewer
  2219 | Sewer    | Reached skill level 7 in Fighting
  2364 | Sewer    | Reached XP level 6. HP: 59/60 MP: 5/5
  2647 | D:4      | Found a staircase to the Ecumenical Temple.
  2666 | Temple   | Entered the Ecumenical Temple
  2730 | Temple   | Became a worshipper of Warmaster Okawaru
  3007 | D:4      | Reached skill level 1 in Invocations
  3241 | D:5      | Entered Level 5 of the Dungeon
  3247 | D:5      | Noticed Eustachio
  3313 | D:5      | Reached skill level 8 in Fighting
  3383 | D:5      | Found a transporter.
  3404 | D:5      | Found a transporter.
  3534 | D:5      | Killed from afar by a white imp

Illustrated notes

Levels and vault maps discovered:
D:1:      heliophobic_arrival_dark_side_of_the_moon, layout_basic
D:2:      layout_basic, uniq_jessica
D:3:      layout_basic, glass_columns_a, dreamdust_wishing_well
D:4:      layout_gridville, minmay_temple_entry_waves, portal_sewer_entry_f,
          grunt_tough_drop
D:5:      gammafunk_wand_slinger, layout_basic, minmay_door_square,
          nicolae_specific_store, chequers_jeans, uniq_eustachio, uniq_pikel,
          uniq_ijyb
Temple:   nicolae_temple_x_marks_the_god

Skill      XL: |  1  2  3  4  5  6 |
---------------+-------------------+-----
Fighting       | 4 6 7 8 |  8.3
Shields        | 4 5 |  5.0
Invocations    | 1 |  1.7
Axes           | |  2.6
Armour         | |  3.8

Action                   |  1- 3 |  4- 6 || total
-------------------------+-------+-------++-------
Melee: War axe           |    59 |   181 ||   240
       Headbutt          |     6 |    26 ||    32
  Use: Scroll            |       |     2 ||     2
       Potion            |       |     1 ||     1
Armor: Scale mail        |    27 |   104 ||   131
Dodge: Dodged            |    28 |    97 ||   125
Block: Buckler           |    10 |    48 ||    58

Table legend: (Time is in decaauts)
 A = Elapsed time spent in this place.
 B = Non-inter-level travel time spent in this place.
 C = Inter-level travel time spent in this place.
 D = Time resting spent in this place.
 E = Time spent auto-exploring this place.
 F = Levels seen in this place.
 G = Mean time per level.
                   A        B        C        D        E       F      G
               +--------+--------+--------+--------+--------+-----+--------+
         Total |   3674 |   3507 |    167 |    195 |   2538 |   7 |  524.9 |
       Dungeon |   3265 |   3105 |    160 |    156 |   2298 |   5 |  653.0 |
        Temple |     72 |     65 |      7 |      0 |     39 |   1 |   72.0 |
         Sewer |    336 |    336 |      0 |     39 |    201 |   1 |  336.0 |
               +--------+--------+--------+--------+--------+-----+--------+

Top non-repeatable levels by time:
     D:4: 828 daAuts
     D:1: 803 daAuts
     D:2: 802 daAuts
     D:3: 565 daAuts
   Sewer: 336 daAuts
     D:5: 265 daAuts
  Temple: 72 daAuts
